Map: Lockdown LE

Players

Titanflash

  • Race: Terran Terran
  • League: Diamond

rawler - Winner!

  • Race: Protoss Protoss
  • League: Gold

VOD

Have the link to the VOD?

Description

Gold level Protoss defends Platinum Terran attempt to double proxy maurader bunker rush

Time

  • Played on: Oct. 19, 2026, 4:36 a.m.
  • Length: 9:45
Show
View Real Time Build Order
Export as new Build Order

Titanflash Terran 

Build Orders:  

Get SALT Encoding   

  12  0:00  SCV  
  13  0:12  SCV  
  14  0:21  Supply Depot  
  14  0:24  SCV  
  15  0:32  Refinery  
  15  0:42  SCV  
  16  1:00  Barracks  
  16  1:03  SCV  
  17  1:13  Barracks  
  17  1:16  Supply Depot, SCV  
  18  1:29  SCV  
  19  1:47  Barracks Tech Lab  
  19  1:51  Orbital Command  
  19  2:06  Barracks Tech Lab  
  19  2:07  Bunker  
  19  2:08  Marauder  
  21  2:09  Concussive Shells  
  21  2:19  SCV  
  22  2:25  Marauder  
  24  2:35  Marauder  
  26  2:37  Bunker  
  26  2:46  Marauder  
  28  3:24  Marauder  
  28  3:25  Marauder  
  30  4:09  Supply Depot  
  30  4:10  SCV, Supply Depot, Marauder  
  30  4:11  Supply Depot  
  30  4:12  Command Center  
  30  4:14  Refinery  
  33  4:31  Marauder  
  33  4:32  Marauder  
  33  4:48  SCV  
  36  4:53  Marauder x2  
  38  5:00  Factory  
  40  5:14  Marauder  
  26  6:15  Marauder x2  
  28  6:23  Factory Tech Lab  
  28  6:24  SCV  
  28  6:25  Starport, Orbital Command  
  29  6:36  Marauder  
  29  6:37  SCV, Marauder  
  32  6:50  SCV  
  32  6:52  Siege Tank  
  36  6:58  Marauder x2  
  40  7:02  SCV  
  40  7:06  Command Center  
  35  7:19  Marauder x2  
  27  8:06  Banshee  
  27  8:07  Cloaking Field, Factory  
  27  8:08  Factory Tech Lab  
  30  8:13  Supply Depot  
  30  8:16  Supply Depot  
  30  8:17  Supply Depot  
  30  8:18  Supply Depot  
  30  8:27  Barracks  
  30  8:41  Supply Depot  
  30  8:43  Siege Tank  
  33  8:52  Command Center  
Show
View Real Time Build Order
Export as new Build Order

rawler Protoss - Winner!

Build Orders: 1 Gate Expand 

Get SALT Encoding   

  12  0:00  Probe  
  13  0:12  Probe  
  14  0:17  Pylon  
  14  0:24  Probe  
  15  0:36  Probe  
  15  0:38  Gateway  
  16  0:48  Probe  
  17  0:57  Assimilator  
  17  1:01  Probe (Chrono Boost)  
  18  1:10  Probe (Chrono Boost)  
  19  1:15  Probe (Chrono Boost)  
  20  1:32  Nexus  
  20  1:41  Cybernetics Core  
  20  1:43  Probe  
  21  1:49  Pylon  
  21  1:56  Probe  
  21  2:00  Assimilator  
  22  2:14  Zealot  
  24  2:17  Shield Battery  
  24  2:19  Probe  
  24  2:21  Warp Gate  
  25  2:31  Gateway  
  25  2:48  Probe x2  
  27  3:00  Probe  
  26  3:10  Probe  
  26  3:13  Stalker (Chrono Boost)  
  28  3:20  Shield Battery  
  30  3:40  Stalker (Chrono Boost)  
  27  3:47  Stalker (Chrono Boost)  
  21  4:03  Probe  
  21  4:15  Stalker, Probe  
  24  4:21  Gateway  
  20  4:32  Stalker  
  22  4:41  Stalker  
  22  4:43  Probe  
  23  4:54  Gateway  
  23  4:57  Zealot  
  25  5:12  Stalker x2  
  25  5:23  Zealot  
  19  5:35  Zealot  
  19  5:36  Zealot  
  23  5:44  Zealot  
  23  5:47  Zealot  
  24  5:54  Probe  
  24  5:56  Pylon  
  20  6:04  Stalker  
  20  6:06  Probe  
  21  6:18  Probe  
  22  6:20  Probe  
  24  6:32  Probe  
  24  6:36  Zealot  
  24  6:38  Zealot  
  28  6:43  Probe  
  29  6:51  Probe  
  28  7:02  Zealot x3  
  28  7:15  Zealot  
  30  7:29  Stalker  
  32  7:30  Stalker x2  
  32  7:38  Probe x2  
  30  7:53  Zealot x3  
  36  8:00  Stalker  
  38  8:06  Probe x2  
  40  8:18  Probe  
  41  8:32  Stalker x4  
  43  9:26  Stalker  
  43  9:27  Stalker x3  
Tags
 
Add a new tag
Caveats
  • Supply blocks, unpowered buildings, or Contaminate may cause inaccurate times.
  • Supply counts are checked every 10 seconds.